Capitals vs Nordiques
(R2)
Created - May 17, 2020 at 22:43
Goals
|
| Capitals |
1 |
1 |
1 |
3 |
| Nordiques |
0 |
3 |
3 |
6 |
|
Shots
|
| Capitals |
8 |
11 |
11 |
30 |
| Nordiques |
9 |
18 |
8 |
35 |
|
1st period
1. Capitals , Joe Pavelski 3 (Thomas Vanek 3, Dan Hamhuis 1) at 4:58
Penalties :
Ryan Ellis (Que) for Roughing (Minor) at 6:33, Trevor Daley (Que) for Tripping (Minor) at 10:19, Fedor Tyutin (Que) for Tripping (Minor) at 11:03
2nd period
2. Nordiques , Evander Kane 1 (Vladimir Tarasenko 1, Ryan Ellis 1) at 9:38 (PP)
3. Nordiques , Tim Connolly 1 (Jiri Hudler 1, Maxim Talbot 1) at 13:42
4. Capitals , Jeff Skinner 1 (Ryan Suter 1) at 14:59
5. Nordiques , Ryan Ellis 2 (Tim Connolly 1, Jiri Hudler 2) at 16:08
Penalties :
Dan Hamhuis (Was) for Roughing (Minor) at 1:40, Mikko Koivu (Was) for Roughing (Minor) at 8:35, Brent Burns (Was) for Holding (Minor) at 16:11, Tuukka Rask (Was) for Delaying the game (Minor) at 16:26 - Joe Pavelski served the penalty, PK Subban (Was) for High sticking (Minor) at 16:29
3rd period
6. Nordiques , R.J. Umberger 1 (Jiri Hudler 3, Trevor Daley 1) at 6:30 (PP)
7. Nordiques , Evander Kane 2 (David Legwand 1, Vladimir Tarasenko 2) at 10:02 (PP)
8. Nordiques , Mike Fisher 1 (Cody McLeod 1, Adam Pineault 1) at 17:56
9. Capitals , Joe Pavelski 4 (Joe Thornton 1, Thomas Vanek 4) at 19:49 (PP)
Penalties :
Dustin Byfuglien (Que) for Cross-checking (Minor) at 1:29, Mikko Koivu (Was) for Hooking (Minor) at 4:36, Thomas Vanek (Was) for Roughing (Minor) at 6:16, Jeff Skinner (Was) for Slashing (Minor) at 9:00, Mikko Koivu (Was) for Interference (Minor) at 10:25, Maxim Talbot (Que) for Holding (Minor) at 13:01, Fedor Tyutin (Que) for Fighting (Major) at 18:01, Brian McGrattan (Was) for Fighting (Major) at 18:01, Zac Rinaldo (Que) for Fighting (Major) at 19:39, Patrick Sharp (Was) for Fighting (Major) at 19:39, Zac Rinaldo (Que) for instigated a fight (Minor) at 19:39, Zac Rinaldo (Que) for instigated a fight (10 Minutes Misconduct) at 19:39
Goalie Stats
Tuukka Rask (Was), 29 saves from 35 shots - (0.829), L, 1-1-0, 60:00 minutes
Jonathan Quick (Que), 27 saves from 30 shots - (0.900), W, 1-1-0, 60:00 minutes
Players Stats for Capitals
Player Name G A P +/- PIM S H SB GA TA FO MP PP MP PK MP
------------------------------------------------------------------------------------
Brent Burns 0 0 0 0 2 1 1 3 1 3 0/0 30:16 4:59 5:30
Brian McGrattan 0 0 0 0 5 2 1 0 0 0 0/1 14:21 4:00 0:00
Dan Hamhuis 0 1 1 -1 2 2 1 0 0 3 0/0 19:42 3:51 4:45
Jeff Skinner 1 0 1 0 2 2 1 1 0 0 1/1 11:12 0:25 0:00
Joe Pavelski 2 0 2 0 0 5 2 1 1 0 0/1 25:42 4:28 5:13
Joe Thornton 0 1 1 0 0 0 1 0 0 2 7/19 12:55 4:45 7:06
Josh Manson 0 0 0 0 0 0 1 0 0 0 0/0 4:19 0:00 1:30
Mikko Koivu 0 0 0 0 6 0 2 0 0 1 2/2 14:09 0:24 0:27
Ondrej Palat 0 0 0 0 0 2 1 0 0 0 0/0 5:06 0:21 1:10
Patrick Sharp 0 0 0 0 5 0 1 0 1 0 12/27 22:26 3:34 3:00
Peter Worrell 0 0 0 -1 0 2 0 1 0 0 0/0 7:54 0:00 0:00
PK Subban 0 0 0 0 2 2 1 1 0 2 0/0 29:25 4:59 5:37
Roman Josi 0 0 0 -1 0 1 0 0 0 0 2/3 10:17 0:00 2:15
Ryan Getzlaf 0 0 0 0 0 3 1 0 0 0 7/16 15:09 4:01 0:00
Ryan Suter 0 1 1 0 0 1 0 0 0 0 0/0 7:35 0:00 0:00
T.J. Oshie 0 0 0 -1 0 1 0 0 0 0 0/2 12:23 0:04 2:23
Thomas Vanek 0 2 2 0 2 6 2 1 0 1 0/4 22:48 4:28 2:25
Torey Krug 0 0 0 -1 0 0 0 3 1 1 0/0 20:01 3:51 4:22
Players Stats for Nordiques
Player Name G A P +/- PIM S H SB GA TA FO MP PP MP PK MP
------------------------------------------------------------------------------------
Adam Pineault 0 1 1 1 0 1 0 0 0 1 0/0 5:24 0:00 0:00
Cody McLeod 0 1 1 1 0 1 0 0 0 0 0/0 6:20 0:00 0:56
David Legwand 0 1 1 -1 0 1 2 0 2 0 25/47 26:10 7:35 3:46
Dustin Byfuglien 0 0 0 2 2 1 2 1 0 0 0/0 11:37 0:00 1:51
Evander Kane 2 0 2 -1 0 7 3 0 3 0 2/4 26:25 7:35 4:07
Fedor Tyutin 0 0 0 -1 7 1 1 0 1 0 0/0 18:08 4:17 3:15
Jay Bouwmeester 0 0 0 0 0 1 0 2 0 0 0/0 27:35 7:42 1:27
Jiri Hudler 0 3 3 2 0 3 1 0 1 0 0/0 14:37 4:24 0:00
Maxim Talbot 0 1 1 -1 2 0 2 0 0 0 2/4 10:43 0:00 1:59
Mike Brown 0 0 0 -1 0 0 3 0 1 0 1/1 9:46 0:00 1:56
Mike Fisher 1 0 1 1 0 2 0 0 0 0 3/4 5:54 0:00 0:23
R.J. Umberger 1 0 1 2 0 5 3 0 0 1 0/0 18:11 4:24 2:33
Ryan Ellis 1 1 2 0 2 2 2 2 2 1 0/0 30:57 7:42 4:05
T.J. Fast 0 0 0 2 0 0 0 0 0 1 0/0 13:26 0:00 2:29
Tim Connolly 1 1 2 2 0 3 2 0 0 0 9/12 14:37 4:24 0:00
Trevor Daley 0 1 1 -1 2 2 3 3 1 0 0/0 19:13 4:17 4:32
Vladimir Tarasenko 0 2 2 -1 0 5 1 0 2 0 3/4 22:56 7:35 0:45
Zac Rinaldo 0 0 0 -1 17 0 0 0 0 0 0/0 7:49 0:00 0:00
3 Stars
1 - Tim Connolly (Que)
2 - Jiri Hudler (Que)
3 - Evander Kane (Que)
Power Play
Capitals - 1 on 6 Attempt(s) - 16.67%
Nordiques - 3 on 9 Attempt(s) - 33.33%
Penalty Kill
Capitals - 6 on 9 Attempt(s) - 66.67%
- Score 0 goal in Penalty Kill
Nordiques - 5 on 6 Attempt(s) - 83.33%
- Score 0 goal in Penalty Kill
Team Stat
Capitals - Hits : 16 - Faceoff Wins : 31 - Blocked Shots : 11 - Penalty Minutes : 28
Nordiques - Hits : 25 - Faceoff Wins : 45 - Blocked Shots : 8 - Penalty Minutes : 32
Official
Referees : Unknown
Linesman : Unknown
Game Notes
Brian McGrattan beats up Fedor Tyutin at 18:01 of 3rd period
Zac Rinaldo beats up Patrick Sharp at 19:39 of 3rd period
Finance
Level 1 -- Attendance: 4897 (81.62%) -- Ticket Income $612,125
Level 2 -- Attendance: 4519 (90.38%) -- Ticket Income $338,925
Level 3 -- Attendance: 1563 (78.15%) -- Ticket Income $78,150
Level 4 -- Attendance: 2943 (73.58%) -- Ticket Income $117,720
Luxury Box -- Attendance: 1000 (100.00%) -- Ticket Income $190,000
Game was played at the Centre Videotron.
Total Attendance: 14922 (82.90%)
Total Ticket Income: $1,336,920
Other Income: $200,538
Total Income: $1,537,458
Capitals
5 vs 5 Forward
Center Left Wing Right Wing Time % Phy DF OF
1 Patrick Sharp Thomas Vanek Joe Pavelski 40 1 2 2
2 Ryan Getzlaf Mikko Koivu Brian McGrattan 30 1 2 2
3 Roman Josi Peter Worrell T.J. Oshie 20 1 2 2
4 Jeff Skinner Ondrej Palat PK Subban 10 1 2 2
5 vs 5 Defense
Defense Defense Time % Phy DF OF
1 Brent Burns PK Subban 40 1 2 2
2 Torey Krug Dan Hamhuis 30 1 2 2
3 Ryan Suter Jeff Skinner 20 1 2 2
4 Josh Manson Brent Burns 10 1 2 2
PowerPlay Forward
Center Left Wing Right Wing Time % Phy DF OF
1 Joe Thornton Thomas Vanek Joe Pavelski 60 1 2 2
2 Ryan Getzlaf Patrick Sharp Brian McGrattan 40 1 2 2
PowerPlay Defense
Defense Defense Time % Phy DF OF
1 Brent Burns PK Subban 60 1 2 2
2 Torey Krug Dan Hamhuis 40 1 2 2
Penalty Kill 4 Players Forward
Center Wing Time % Phy DF OF
1 Joe Thornton Joe Pavelski 60 1 2 2
2 Thomas Vanek Patrick Sharp 40 1 2 2
Penalty Kill 4 Players Defense
Defense Defense Time % Phy DF OF
1 Brent Burns PK Subban 60 1 2 2
2 Torey Krug Dan Hamhuis 40 1 2 2
Penalty Kill - 3 Players Forward
Forward Time % Phy DF OF
1 Joe Thornton 60 1 2 2
2 Joe Pavelski 40 1 2 2
Penalty Kill - 3 Players Defense
Defense Defense Time % Phy DF OF
1 Brent Burns PK Subban 60 1 2 2
2 Torey Krug Dan Hamhuis 40 1 2 2
4 vs 4 Forward
Center Wing Time % Phy DF OF
1 Joe Thornton Joe Pavelski 60 1 2 2
2 Thomas Vanek Patrick Sharp 40 1 2 2
4 vs 4 Defense
Defense Defense Time % Phy DF OF
1 Brent Burns PK Subban 60 1 2 2
2 Torey Krug Dan Hamhuis 40 1 2 2
Last Minutes Offensive
Center Left Wing Right Wing Defense Defense
Joe Thornton Thomas Vanek Joe Pavelski Brent Burns PK Subban
Last Minutes Defensive
Center Left Wing Right Wing Defense Defense
Joe Thornton Thomas Vanek Joe Pavelski Brent Burns PK Subban
Goaltenders
Starting : Tuukka Rask
Backup : Mike Smith
Extra Forwards
Normal : Jeff Skinner, Mikko Koivu, T.J. Oshie - PP : Jeff Skinner, Mikko Koivu - PK : T.J. Oshie
Extra Defensemen
Normal : Ryan Suter, Roman Josi, Josh Manson - PP : Ryan Suter - PK : Roman Josi, Josh Manson
Penalty Shots
Joe Thornton, Joe Pavelski, Thomas Vanek, Patrick Sharp, Ryan Getzlaf
Scratches
Ryan Nugent-Hopkins (Healthy), Jason Pominville (Healthy)
Nordiques
5 vs 5 Forward
Center Left Wing Right Wing Time % Phy DF OF
1 David Legwand Evander Kane Vladimir Tarasenko 40 1 2 2
2 Tim Connolly R.J. Umberger Jiri Hudler 30 1 2 2
3 Maxim Talbot Zac Rinaldo Mike Brown 20 1 2 2
4 Mike Fisher Cody McLeod Adam Pineault 10 1 2 2
5 vs 5 Defense
Defense Defense Time % Phy DF OF
1 Ryan Ellis Jay Bouwmeester 40 1 2 2
2 Fedor Tyutin Trevor Daley 30 1 2 2
3 T.J. Fast Dustin Byfuglien 20 1 2 2
4 Ryan Ellis Jay Bouwmeester 10 1 2 2
PowerPlay Forward
Center Left Wing Right Wing Time % Phy DF OF
1 David Legwand Evander Kane Vladimir Tarasenko 60 1 2 2
2 Tim Connolly R.J. Umberger Jiri Hudler 40 1 2 2
PowerPlay Defense
Defense Defense Time % Phy DF OF
1 Ryan Ellis Jay Bouwmeester 60 1 2 2
2 Fedor Tyutin Trevor Daley 40 1 2 2
Penalty Kill 4 Players Forward
Center Wing Time % Phy DF OF
1 David Legwand Evander Kane 60 1 2 2
2 Maxim Talbot R.J. Umberger 40 1 2 2
Penalty Kill 4 Players Defense
Defense Defense Time % Phy DF OF
1 Ryan Ellis Trevor Daley 60 1 2 2
2 Fedor Tyutin T.J. Fast 40 1 2 2
Penalty Kill - 3 Players Forward
Forward Time % Phy DF OF
1 Vladimir Tarasenko 60 1 2 2
2 Evander Kane 40 1 2 2
Penalty Kill - 3 Players Defense
Defense Defense Time % Phy DF OF
1 Ryan Ellis Jay Bouwmeester 60 1 2 2
2 Fedor Tyutin Trevor Daley 40 1 2 2
4 vs 4 Forward
Center Wing Time % Phy DF OF
1 Vladimir Tarasenko Evander Kane 60 1 2 2
2 David Legwand Tim Connolly 40 1 2 2
4 vs 4 Defense
Defense Defense Time % Phy DF OF
1 Ryan Ellis Jay Bouwmeester 60 1 2 2
2 Fedor Tyutin Trevor Daley 40 1 2 2
Last Minutes Offensive
Center Left Wing Right Wing Defense Defense
David Legwand Evander Kane Vladimir Tarasenko Ryan Ellis Jay Bouwmeester
Last Minutes Defensive
Center Left Wing Right Wing Defense Defense
David Legwand Evander Kane Vladimir Tarasenko Ryan Ellis Jay Bouwmeester
Goaltenders
Starting : Jonathan Quick
Backup : Julien Ellis
Extra Forwards
Normal : Vladimir Tarasenko, Maxim Talbot, Mike Brown - PP : Vladimir Tarasenko, Maxim Talbot - PK : Mike Brown
Extra Defensemen
Normal : T.J. Fast, Dustin Byfuglien, Fedor Tyutin - PP : T.J. Fast - PK : Dustin Byfuglien, Fedor Tyutin
Penalty Shots
Vladimir Tarasenko, Evander Kane, David Legwand, Tim Connolly, R.J. Umberger
Scratches
Matt Gilroy (Healthy), Paul Gaustad (Healthy), James Sheppard (Healthy)
% Time on Ice - Capitals
Lines # - Real PCT - Wanted PCT - Time Play
Normal Forward
1 - 44% - 40% - 17:26
2 - 28% - 30% - 11:10
3 - 20% - 20% - 7:54
4 - 7% - 10% - 2:41
Normal Defense
1 - 45% - 40% - 17:40
2 - 30% - 30% - 11:48
3 - 19% - 20% - 7:35
4 - 5% - 10% - 2:08
PP Forward
1 - 55% - 60% - 4:49
2 - 45% - 40% - 4:01
PP Defense
1 - 56% - 60% - 4:59
2 - 44% - 40% - 3:51
PK Forward
1 - 69% - 60% - 6:46
2 - 31% - 40% - 3:00
PK Defense
1 - 58% - 60% - 5:38
2 - 42% - 40% - 4:08
PK3 Forward
1 - 73% - 60% - 1:37
2 - 27% - 40% - 0:36
PK3 Defense
1 - 89% - 60% - 1:59
2 - 11% - 40% - 0:14
44 Forward
1 - 0% - 60%
2 - 0% - 40%
44 Defense
1 - 0% - 60%
2 - 0% - 40%
Last Minute Offensive - 0:00
Last Minute Defensive - 0:00
Total
Forward - 60:00
Defense - 60:00
|
% Time on Ice - Nordiques
Lines # - Real PCT - Wanted PCT - Time Play
Normal Forward
1 - 38% - 40% - 14:43
2 - 29% - 30% - 11:14
3 - 20% - 20% - 7:50
4 - 14% - 10% - 5:24
Normal Defense
1 - 44% - 40% - 17:13
2 - 31% - 30% - 12:08
3 - 21% - 20% - 8:13
4 - 4% - 10% - 1:37
PP Forward
1 - 63% - 60% - 7:35
2 - 37% - 40% - 4:24
PP Defense
1 - 64% - 60% - 7:42
2 - 36% - 40% - 4:17
PK Forward
1 - 66% - 60% - 5:02
2 - 34% - 40% - 2:33
PK Defense
1 - 67% - 60% - 5:03
2 - 33% - 40% - 2:32
PK3 Forward
1 - 79% - 60% - 0:59
2 - 21% - 40% - 0:16
PK3 Defense
1 - 40% - 60% - 0:30
2 - 60% - 40% - 0:45
44 Forward
1 - 0% - 60%
2 - 0% - 40%
44 Defense
1 - 0% - 60%
2 - 0% - 40%
Last Minute Offensive - 0:00
Last Minute Defensive - 0:00
Total
Forward - 60:00
Defense - 60:00
|
Play-by-Play
1st period
0:01 of 1st period - David Legwand wins face-off versus Patrick Sharp in neutral zone.
1:11 of 1st period - Snap shot by Cody McLeod.
1:11 of 1st period - Stopped by Tuukka Rask with a rebound.
1:39 of 1st period - Slapshot by Tim Connolly.
1:39 of 1st period - Stopped by Tuukka Rask with a rebound.
1:41 of 1st period - Wrist shot by R.J. Umberger.
1:41 of 1st period - Stopped by Tuukka Rask with a rebound.
1:43 of 1st period - Wrist shot by R.J. Umberger.
1:43 of 1st period - Shot Misses the Net.
1:55 of 1st period - Wrist shot by Thomas Vanek.
1:55 of 1st period - Stopped by Jonathan Quick with a rebound.
2:41 of 1st period - Ryan Suter is hit by Ryan Ellis and loses puck.
2:48 of 1st period - Snap shot by R.J. Umberger.
2:48 of 1st period - Shot Misses the Net.
2:58 of 1st period - Slapshot by Jeff Skinner.
2:58 of 1st period - Shot Blocked by Trevor Daley.
4:02 of 1st period - Brian McGrattan is hit by Tim Connolly and loses puck.
4:16 of 1st period - Off-side.
4:17 of 1st period - Mike Fisher wins face-off versus Patrick Sharp in neutral zone.
4:30 of 1st period - Icing by Patrick Sharp.
4:31 of 1st period - David Legwand wins face-off versus Patrick Sharp in Capitals zone.
4:56 of 1st period - Wrist shot by Thomas Vanek.
4:56 of 1st period - Shot Misses the Net.
4:58 of 1st period - Snap shot by Joe Pavelski.
4:58 of 1st period - Goal by Joe Pavelski - Capitals : 1 - Nordiques : 0.
4:59 of 1st period - Ryan Getzlaf wins face-off versus David Legwand in neutral zone.
5:10 of 1st period - Slapshot by Vladimir Tarasenko.
5:10 of 1st period - Shot Blocked by PK Subban.
5:12 of 1st period - Snap shot by Vladimir Tarasenko.
5:12 of 1st period - Stopped by Tuukka Rask without a rebound.
5:13 of 1st period - Jeff Skinner wins face-off versus Tim Connolly in Capitals zone.
5:18 of 1st period - Slapshot by Tim Connolly.
5:18 of 1st period - Shot Blocked by Brent Burns.
5:54 of 1st period - Snap shot by Thomas Vanek.
5:54 of 1st period - Stopped by Jonathan Quick with a rebound.
6:08 of 1st period - Wrist shot by Peter Worrell.
6:08 of 1st period - Stopped by Jonathan Quick with a rebound.
6:10 of 1st period - Snap shot by Torey Krug.
6:10 of 1st period - Shot Misses the Net.
6:33 of 1st period - Minor Penalty to Ryan Ellis for Roughing.
6:34 of 1st period - David Legwand wins face-off versus Joe Thornton in Nordiques zone.
6:34 of 1st period - David Legwand is hit by Joe Pavelski.
8:33 of 1st period - Penalty to Ryan Ellis is over, Ryan Ellis is back on ice.
9:07 of 1st period - Wrist shot by R.J. Umberger.
9:07 of 1st period - Stopped by Tuukka Rask with a rebound.
9:23 of 1st period - Snap shot by Maxim Talbot.
9:23 of 1st period - Shot Blocked by Torey Krug.
9:25 of 1st period - Wrist shot by Dustin Byfuglien.
9:25 of 1st period - Stopped by Tuukka Rask without a rebound.
9:26 of 1st period - Mike Fisher wins face-off versus Patrick Sharp in Capitals zone.
9:27 of 1st period - Snap shot by Adam Pineault.
9:27 of 1st period - Shot Misses the Net.
10:19 of 1st period - Minor Penalty to Trevor Daley for Tripping.
10:20 of 1st period - Joe Thornton wins face-off versus David Legwand in Nordiques zone.
10:23 of 1st period - Wrist shot by Joe Pavelski.
10:23 of 1st period - Shot Misses the Net.
11:03 of 1st period - Minor Penalty to Fedor Tyutin for Tripping.
11:04 of 1st period - Vladimir Tarasenko wins face-off versus Joe Thornton in Nordiques zone.
11:45 of 1st period - Brian McGrattan is hit by Dustin Byfuglien and loses puck.
12:19 of 1st period - Penalty to Trevor Daley is over, Trevor Daley is back on ice.
12:46 of 1st period - Torey Krug is hit by R.J. Umberger and loses puck.
13:03 of 1st period - Penalty to Fedor Tyutin is over, Fedor Tyutin is back on ice.
13:05 of 1st period - Fedor Tyutin is hit by Patrick Sharp and loses puck.
13:35 of 1st period - Ryan Suter is hit by Evander Kane and loses puck.
13:46 of 1st period - Vladimir Tarasenko is hit by Jeff Skinner and loses puck.
14:23 of 1st period - Snap shot by R.J. Umberger.
14:23 of 1st period - Shot Misses the Net.
15:20 of 1st period - Jay Bouwmeester is hit by Josh Manson and loses puck.
15:43 of 1st period - Wrist shot by Mike Fisher.
15:43 of 1st period - Stopped by Tuukka Rask with a rebound.
15:49 of 1st period - Cody McLeod is hit by Brent Burns and loses puck.
16:10 of 1st period - Slapshot by Trevor Daley.
16:10 of 1st period - Stopped by Tuukka Rask with a rebound.
16:12 of 1st period - Snap shot by R.J. Umberger.
16:12 of 1st period - Deflect By Tim Connolly.
16:12 of 1st period - Shot Misses the Net.
16:12 of 1st period - Puck is out of play.
16:13 of 1st period - Ryan Getzlaf wins face-off versus David Legwand in Capitals zone.
16:29 of 1st period - Brian McGrattan is hit by Vladimir Tarasenko and loses puck.
16:40 of 1st period - Fedor Tyutin is hit by Joe Pavelski and loses puck.
16:51 of 1st period - Patrick Sharp is hit by Mike Brown and loses puck.
17:02 of 1st period - Mike Brown is hit by Thomas Vanek and loses puck.
17:14 of 1st period - Off-side.
17:15 of 1st period - Ryan Getzlaf wins face-off versus Vladimir Tarasenko in neutral zone.
17:18 of 1st period - Snap shot by Ryan Getzlaf.
17:18 of 1st period - Stopped by Jonathan Quick without a rebound.
17:19 of 1st period - Mikko Koivu wins face-off versus David Legwand in Nordiques zone.
17:28 of 1st period - Wrist shot by Evander Kane.
17:28 of 1st period - Stopped by Tuukka Rask without a rebound.
17:29 of 1st period - Patrick Sharp wins face-off versus David Legwand in Capitals zone.
17:58 of 1st period - Slapshot by T.J. Oshie.
17:58 of 1st period - Shot Misses the Net.
18:00 of 1st period - Snap shot by T.J. Oshie.
18:00 of 1st period - Shot Misses the Net.
18:02 of 1st period - Slapshot by PK Subban.
18:02 of 1st period - Shot Misses the Net.
18:30 of 1st period - Off-side.
18:31 of 1st period - Patrick Sharp wins face-off versus David Legwand in neutral zone.
18:33 of 1st period - Torey Krug is hit by Dustin Byfuglien and loses puck.
18:38 of 1st period - Snap shot by Joe Pavelski.
18:38 of 1st period - Stopped by Jonathan Quick with a rebound.
18:40 of 1st period - Slapshot by Dan Hamhuis.
18:40 of 1st period - Stopped by Jonathan Quick without a rebound.
18:41 of 1st period - David Legwand wins face-off versus Thomas Vanek in Nordiques zone.
18:46 of 1st period - Torey Krug is hit by Evander Kane.
19:42 of 1st period - Wrist shot by Thomas Vanek.
19:42 of 1st period - Stopped by Jonathan Quick without a rebound.
19:43 of 1st period - Tim Connolly wins face-off versus Brian McGrattan in Nordiques zone.
19:43 of 1st period - Tim Connolly is hit by Mikko Koivu.
19:51 of 1st period - Snap shot by R.J. Umberger.
19:51 of 1st period - Shot Misses the Net.
Goals for this period are 1 for Capitals vs 0 for Nordiques.
Shots for this period are 8 for Capitals vs 9 for Nordiques.
2nd period
0:01 of 2nd period - Vladimir Tarasenko wins face-off versus Ryan Getzlaf in neutral zone.
0:11 of 2nd period - Wrist shot by Brian McGrattan.
0:11 of 2nd period - Shot Misses the Net.
0:15 of 2nd period - Snap shot by Brian McGrattan.
0:15 of 2nd period - Stopped by Jonathan Quick without a rebound.
0:16 of 2nd period - Tim Connolly wins face-off versus Patrick Sharp in Nordiques zone.
0:25 of 2nd period - Thomas Vanek is hit by R.J. Umberger and loses puck.
0:44 of 2nd period - Mikko Koivu is hit by Ryan Ellis and loses puck.
1:24 of 2nd period - Off-side.
1:25 of 2nd period - Tim Connolly wins face-off versus Patrick Sharp in neutral zone.
1:25 of 2nd period - Tim Connolly is hit by Dan Hamhuis.
1:40 of 2nd period - Minor Penalty to Dan Hamhuis for Roughing.
1:41 of 2nd period - Vladimir Tarasenko wins face-off versus Joe Thornton in Capitals zone.
1:56 of 2nd period - Wrist shot by Brent Burns.
1:56 of 2nd period - Shot Misses the Net.
1:58 of 2nd period - Slapshot by PK Subban.
1:58 of 2nd period - Stopped by Jonathan Quick with a rebound.
3:10 of 2nd period - PK Subban is hit by Jiri Hudler.
3:40 of 2nd period - Penalty to Dan Hamhuis is over, Dan Hamhuis is back on ice.
3:50 of 2nd period - Mikko Koivu is hit by Mike Brown.
4:18 of 2nd period - Wrist shot by Mike Fisher.
4:18 of 2nd period - Shot Misses the Net.
4:20 of 2nd period - Slapshot by Trevor Daley.
4:20 of 2nd period - Stopped by Tuukka Rask without a rebound.
4:21 of 2nd period - Patrick Sharp wins face-off versus Maxim Talbot in Capitals zone.
4:36 of 2nd period - Slapshot by Thomas Vanek.
4:36 of 2nd period - Deflect By T.J. Fast.
4:36 of 2nd period - Shot Blocked by Dustin Byfuglien.
4:36 of 2nd period - Puck is out of play.
4:37 of 2nd period - David Legwand wins face-off versus Ryan Getzlaf in Nordiques zone.
5:03 of 2nd period - Brent Burns is hit by Maxim Talbot and loses puck.
5:58 of 2nd period - Ryan Suter is hit by R.J. Umberger and loses puck.
6:10 of 2nd period - Slapshot by Thomas Vanek.
6:10 of 2nd period - Stopped by Jonathan Quick without a rebound.
6:11 of 2nd period - David Legwand wins face-off versus Roman Josi in Nordiques zone.
6:16 of 2nd period - Slapshot by Jay Bouwmeester.
6:16 of 2nd period - Shot Blocked by Peter Worrell.
6:18 of 2nd period - Snap shot by David Legwand.
6:18 of 2nd period - Shot Blocked by Brent Burns.
6:22 of 2nd period - Snap shot by Evander Kane.
6:22 of 2nd period - Stopped by Tuukka Rask with a rebound.
6:24 of 2nd period - Wrist shot by Vladimir Tarasenko.
6:24 of 2nd period - Shot Misses the Net.
6:45 of 2nd period - Wrist shot by Mikko Koivu.
6:45 of 2nd period - Shot Blocked by Trevor Daley.
7:03 of 2nd period - Jeff Skinner is hit by David Legwand and loses puck.
7:41 of 2nd period - Wrist shot by Mike Fisher.
7:41 of 2nd period - Shot Blocked by Jeff Skinner.
7:43 of 2nd period - Wrist shot by Adam Pineault.
7:43 of 2nd period - Shot Misses the Net.
7:45 of 2nd period - Slapshot by T.J. Fast.
7:45 of 2nd period - Deflect By Mike Fisher.
7:45 of 2nd period - Shot Misses the Net.
7:45 of 2nd period - Puck is out of play.
7:46 of 2nd period - David Legwand wins face-off versus Patrick Sharp in Capitals zone.
7:51 of 2nd period - Wrist shot by Evander Kane.
7:51 of 2nd period - Deflect By Vladimir Tarasenko.
7:51 of 2nd period - Stopped by Tuukka Rask without a rebound.
7:52 of 2nd period - Patrick Sharp wins face-off versus David Legwand in Capitals zone.
8:21 of 2nd period - Tim Connolly is hit by Brian McGrattan.
8:35 of 2nd period - Minor Penalty to Mikko Koivu for Roughing.
8:36 of 2nd period - Joe Thornton wins face-off versus David Legwand in Capitals zone.
8:58 of 2nd period - Vladimir Tarasenko is hit by Joe Thornton and loses puck.
9:12 of 2nd period - Snap shot by Vladimir Tarasenko.
9:12 of 2nd period - Shot Misses the Net.
9:38 of 2nd period - Wrist shot by Evander Kane.
9:38 of 2nd period - Goal by Evander Kane - Capitals : 1 - Nordiques : 1.
9:39 of 2nd period - Ryan Getzlaf wins face-off versus Tim Connolly in neutral zone.
10:05 of 2nd period - Patrick Sharp is hit by Mike Brown and loses puck.
10:30 of 2nd period - Slapshot by T.J. Oshie.
10:30 of 2nd period - Shot Misses the Net.
10:32 of 2nd period - Slapshot by PK Subban.
10:32 of 2nd period - Stopped by Jonathan Quick with a rebound.
10:34 of 2nd period - Slapshot by PK Subban.
10:34 of 2nd period - Shot Misses the Net.
10:36 of 2nd period - Snap shot by Peter Worrell.
10:36 of 2nd period - Stopped by Jonathan Quick with a rebound.
11:38 of 2nd period - Snap shot by Adam Pineault.
11:38 of 2nd period - Stopped by Tuukka Rask without a rebound.
11:39 of 2nd period - Mike Fisher wins face-off versus Patrick Sharp in Capitals zone.
11:54 of 2nd period - Snap shot by Mike Fisher.
11:54 of 2nd period - Deflect By Cody McLeod.
11:54 of 2nd period - Shot Misses the Net.
11:54 of 2nd period - Puck is out of play.
11:55 of 2nd period - David Legwand wins face-off versus Ryan Getzlaf in Capitals zone.
12:20 of 2nd period - Joe Pavelski is hit by Tim Connolly and loses puck.
12:24 of 2nd period - Icing by Joe Pavelski.
12:25 of 2nd period - Tim Connolly wins face-off versus Patrick Sharp in Capitals zone.
12:34 of 2nd period - Joe Pavelski is hit by Trevor Daley and loses puck.
12:47 of 2nd period - Snap shot by R.J. Umberger.
12:47 of 2nd period - Shot Blocked by Torey Krug.
12:49 of 2nd period - Snap shot by Ryan Ellis.
12:49 of 2nd period - Deflect By R.J. Umberger.
12:49 of 2nd period - Stopped by Tuukka Rask with a rebound.
12:51 of 2nd period - Slapshot by R.J. Umberger.
12:51 of 2nd period - Stopped by Tuukka Rask without a rebound.
12:52 of 2nd period - Ryan Getzlaf wins face-off versus David Legwand in Capitals zone.
12:57 of 2nd period - Snap shot by Brian McGrattan.
12:57 of 2nd period - Shot Misses the Net.
13:42 of 2nd period - Slapshot by Tim Connolly.
13:42 of 2nd period - Goal by Tim Connolly - Capitals : 1 - Nordiques : 2.
13:43 of 2nd period - Patrick Sharp wins face-off versus David Legwand in neutral zone.
13:45 of 2nd period - Off-side.
13:46 of 2nd period - Patrick Sharp wins face-off versus David Legwand in neutral zone.
13:58 of 2nd period - Snap shot by Evander Kane.
13:58 of 2nd period - Stopped by Tuukka Rask with a rebound.
14:57 of 2nd period - Snap shot by Ryan Suter.
14:57 of 2nd period - Deflect By Trevor Daley.
14:57 of 2nd period - Stopped by Jonathan Quick with a rebound.
14:59 of 2nd period - Slapshot by Jeff Skinner.
14:59 of 2nd period - Deflect By Mike Brown.
14:59 of 2nd period - Goal by Jeff Skinner - Capitals : 2 - Nordiques : 2.
15:00 of 2nd period - Patrick Sharp wins face-off versus David Legwand in neutral zone.
15:05 of 2nd period - Slapshot by PK Subban.
15:05 of 2nd period - Shot Misses the Net.
15:35 of 2nd period - Snap shot by Brian McGrattan.
15:35 of 2nd period - Stopped by Jonathan Quick without a rebound.
15:36 of 2nd period - Roman Josi wins face-off versus David Legwand in Nordiques zone.
15:37 of 2nd period - Wrist shot by T.J. Oshie.
15:37 of 2nd period - Shot Blocked by Ryan Ellis.
16:04 of 2nd period - Wrist shot by Tim Connolly.
16:04 of 2nd period - Deflect By Jiri Hudler.
16:04 of 2nd period - Stopped by Tuukka Rask with a rebound.
16:06 of 2nd period - Snap shot by Tim Connolly.
16:06 of 2nd period - Deflect By Torey Krug.
16:06 of 2nd period - Stopped by Tuukka Rask with a rebound.
16:08 of 2nd period - Slapshot by Ryan Ellis.
16:08 of 2nd period - Goal by Ryan Ellis - Capitals : 2 - Nordiques : 3.
16:09 of 2nd period - Patrick Sharp wins face-off versus Evander Kane in neutral zone.
16:11 of 2nd period - Minor Penalty to Brent Burns for Holding.
16:12 of 2nd period - David Legwand wins face-off versus Joe Thornton in Capitals zone.
16:26 of 2nd period - Slapshot by Ryan Ellis.
16:26 of 2nd period - Deflect By David Legwand.
16:26 of 2nd period - Stopped by Tuukka Rask without a rebound.
16:26 of 2nd period - Minor Penalty to Tuukka Rask for Delaying the game.
16:27 of 2nd period - Joe Thornton wins face-off versus Evander Kane in Capitals zone.
16:29 of 2nd period - Minor Penalty to PK Subban for High sticking.
16:30 of 2nd period - David Legwand wins face-off versus Joe Thornton in Capitals zone.
16:35 of 2nd period - Wrist shot by Ryan Ellis.
16:35 of 2nd period - Stopped by Tuukka Rask without a rebound.
16:36 of 2nd period - David Legwand wins face-off versus Joe Thornton in Capitals zone.
16:49 of 2nd period - Snap shot by Evander Kane.
16:49 of 2nd period - Stopped by Tuukka Rask with a rebound.
16:51 of 2nd period - Slapshot by Vladimir Tarasenko.
16:51 of 2nd period - Stopped by Tuukka Rask with a rebound.
17:23 of 2nd period - Joe Thornton is hit by Trevor Daley and loses puck.
17:43 of 2nd period - Icing by Trevor Daley.
17:44 of 2nd period - David Legwand wins face-off versus T.J. Oshie in Nordiques zone.
18:11 of 2nd period - Penalty to Brent Burns is over, Brent Burns is back on ice.
18:20 of 2nd period - Icing by David Legwand.
18:21 of 2nd period - Joe Thornton wins face-off versus David Legwand in Nordiques zone.
18:26 of 2nd period - Penalty to Joe Pavelski is over, Joe Pavelski is back on ice.
18:29 of 2nd period - Penalty to PK Subban is over, PK Subban is back on ice.
18:36 of 2nd period - Slapshot by Fedor Tyutin.
18:36 of 2nd period - Stopped by Tuukka Rask without a rebound.
18:37 of 2nd period - Evander Kane wins face-off versus Patrick Sharp in Capitals zone.
18:38 of 2nd period - Snap shot by Vladimir Tarasenko.
18:38 of 2nd period - Shot Misses the Net.
18:40 of 2nd period - Snap shot by Vladimir Tarasenko.
18:40 of 2nd period - Stopped by Tuukka Rask without a rebound.
18:41 of 2nd period - Patrick Sharp wins face-off versus David Legwand in Capitals zone.
18:41 of 2nd period - Patrick Sharp is hit by Evander Kane.
19:07 of 2nd period - Wrist shot by Thomas Vanek.
19:07 of 2nd period - Stopped by Jonathan Quick without a rebound.
19:08 of 2nd period - Ryan Getzlaf wins face-off versus Tim Connolly in Nordiques zone.
19:35 of 2nd period - Maxim Talbot is hit by Ondrej Palat and loses puck.
19:40 of 2nd period - Wrist shot by Ondrej Palat.
19:40 of 2nd period - Stopped by Jonathan Quick with a rebound.
19:42 of 2nd period - Wrist shot by Dan Hamhuis.
19:42 of 2nd period - Stopped by Jonathan Quick without a rebound.
19:43 of 2nd period - David Legwand wins face-off versus Patrick Sharp in Nordiques zone.
Goals for this period are 1 for Capitals vs 3 for Nordiques.
Shots for this period are 11 for Capitals vs 18 for Nordiques.
3rd period
0:01 of 3rd period - Patrick Sharp wins face-off versus David Legwand in neutral zone.
0:07 of 3rd period - Icing by David Legwand.
0:08 of 3rd period - David Legwand wins face-off versus Thomas Vanek in Nordiques zone.
0:48 of 3rd period - Wrist shot by Evander Kane.
0:48 of 3rd period - Shot Misses the Net.
1:07 of 3rd period - Icing by PK Subban.
1:08 of 3rd period - Tim Connolly wins face-off versus Thomas Vanek in Capitals zone.
1:14 of 3rd period - PK Subban is hit by Trevor Daley.
1:16 of 3rd period - Snap shot by Joe Pavelski.
1:16 of 3rd period - Stopped by Jonathan Quick with a rebound.
1:22 of 3rd period - Snap shot by Thomas Vanek.
1:22 of 3rd period - Shot Blocked by Trevor Daley.
1:24 of 3rd period - Wrist shot by Thomas Vanek.
1:24 of 3rd period - Shot Misses the Net.
1:26 of 3rd period - Snap shot by Joe Pavelski.
1:26 of 3rd period - Stopped by Jonathan Quick without a rebound.
1:27 of 3rd period - Maxim Talbot wins face-off versus Ryan Getzlaf in Nordiques zone.
1:29 of 3rd period - Minor Penalty to Dustin Byfuglien for Cross-checking.
1:30 of 3rd period - David Legwand wins face-off versus Ryan Getzlaf in Nordiques zone.
3:11 of 3rd period - Brent Burns is hit by Fedor Tyutin and loses puck.
3:29 of 3rd period - Penalty to Dustin Byfuglien is over, Dustin Byfuglien is back on ice.
3:42 of 3rd period - Backhand shot by Roman Josi.
3:42 of 3rd period - Stopped by Jonathan Quick without a rebound.
3:43 of 3rd period - Roman Josi wins face-off versus Mike Fisher in Nordiques zone.
3:46 of 3rd period - Slapshot by T.J. Oshie.
3:46 of 3rd period - Stopped by Jonathan Quick with a rebound.
3:56 of 3rd period - Wrist shot by T.J. Oshie.
3:56 of 3rd period - Deflect By Ryan Ellis.
3:56 of 3rd period - Shot Blocked by Jay Bouwmeester.
3:56 of 3rd period - Puck is out of play.
3:57 of 3rd period - David Legwand wins face-off versus Thomas Vanek in Nordiques zone.
3:59 of 3rd period - Icing by Trevor Daley.
4:00 of 3rd period - Patrick Sharp wins face-off versus David Legwand in Nordiques zone.
4:31 of 3rd period - Wrist shot by Ryan Getzlaf.
4:31 of 3rd period - Stopped by Jonathan Quick with a rebound.
4:33 of 3rd period - Slapshot by Brent Burns.
4:33 of 3rd period - Shot Misses the Net.
4:36 of 3rd period - Minor Penalty to Mikko Koivu for Hooking.
4:37 of 3rd period - David Legwand wins face-off versus Joe Thornton in Capitals zone.
5:12 of 3rd period - Slapshot by Ryan Ellis.
5:12 of 3rd period - Shot Blocked by Brent Burns.
6:16 of 3rd period - Minor Penalty to Thomas Vanek for Roughing.
6:17 of 3rd period - Tim Connolly wins face-off versus Joe Thornton in Capitals zone.
6:26 of 3rd period - Wrist shot by Jiri Hudler.
6:26 of 3rd period - Shot Misses the Net.
6:30 of 3rd period - Wrist shot by R.J. Umberger.
6:30 of 3rd period - Goal by R.J. Umberger - Capitals : 2 - Nordiques : 4.
6:31 of 3rd period - Joe Thornton wins face-off versus David Legwand in neutral zone.
6:33 of 3rd period - Off-side.
6:34 of 3rd period - Joe Thornton wins face-off versus David Legwand in neutral zone.
6:39 of 3rd period - Slapshot by Joe Thornton.
6:39 of 3rd period - Shot Blocked by Jay Bouwmeester.
7:11 of 3rd period - Slapshot by Ryan Ellis.
7:11 of 3rd period - Deflect By Jiri Hudler.
7:11 of 3rd period - Stopped by Tuukka Rask with a rebound.
8:16 of 3rd period - Penalty to Thomas Vanek is over, Thomas Vanek is back on ice.
8:23 of 3rd period - Dan Hamhuis is hit by Maxim Talbot and loses puck.
9:00 of 3rd period - Minor Penalty to Jeff Skinner for Slashing.
9:01 of 3rd period - David Legwand wins face-off versus Joe Pavelski in Capitals zone.
9:02 of 3rd period - Slapshot by Ryan Ellis.
9:02 of 3rd period - Shot Blocked by Joe Pavelski.
9:08 of 3rd period - Wrist shot by Vladimir Tarasenko.
9:08 of 3rd period - Stopped by Tuukka Rask with a rebound.
9:10 of 3rd period - Slapshot by Jay Bouwmeester.
9:10 of 3rd period - Deflect By Evander Kane.
9:10 of 3rd period - Shot Misses the Net.
9:10 of 3rd period - Puck is out of play.
9:11 of 3rd period - Evander Kane wins face-off versus Joe Thornton in Capitals zone.
9:42 of 3rd period - Slapshot by Ryan Ellis.
9:42 of 3rd period - Shot Blocked by Torey Krug.
9:44 of 3rd period - Wrist shot by Jay Bouwmeester.
9:44 of 3rd period - Stopped by Tuukka Rask with a rebound.
9:46 of 3rd period - Wrist shot by David Legwand.
9:46 of 3rd period - Shot Misses the Net.
9:48 of 3rd period - Slapshot by Evander Kane.
9:48 of 3rd period - Shot Misses the Net.
10:02 of 3rd period - Slapshot by Evander Kane.
10:02 of 3rd period - Goal by Evander Kane - Capitals : 2 - Nordiques : 5.
10:03 of 3rd period - Tim Connolly wins face-off versus Patrick Sharp in neutral zone.
10:20 of 3rd period - Snap shot by R.J. Umberger.
10:20 of 3rd period - Deflect By Jiri Hudler.
10:20 of 3rd period - Stopped by Tuukka Rask without a rebound.
10:21 of 3rd period - David Legwand wins face-off versus Ryan Getzlaf in Capitals zone.
10:25 of 3rd period - Minor Penalty to Mikko Koivu for Interference.
10:26 of 3rd period - David Legwand wins face-off versus Joe Thornton in Capitals zone.
12:25 of 3rd period - Penalty to Mikko Koivu is over, Mikko Koivu is back on ice.
12:56 of 3rd period - Wrist shot by Ondrej Palat.
12:56 of 3rd period - Deflect By Dustin Byfuglien.
12:56 of 3rd period - Stopped by Jonathan Quick without a rebound.
12:57 of 3rd period - Patrick Sharp wins face-off versus Maxim Talbot in Nordiques zone.
12:58 of 3rd period - Wrist shot by Joe Pavelski.
12:58 of 3rd period - Deflect By Thomas Vanek.
12:58 of 3rd period - Shot Blocked by Ryan Ellis.
12:58 of 3rd period - Puck is out of play.
12:59 of 3rd period - Mike Brown wins face-off versus Patrick Sharp in Nordiques zone.
13:01 of 3rd period - Minor Penalty to Maxim Talbot for Holding.
13:02 of 3rd period - David Legwand wins face-off versus Joe Thornton in Nordiques zone.
13:16 of 3rd period - Wrist shot by Thomas Vanek.
13:16 of 3rd period - Stopped by Jonathan Quick without a rebound.
13:17 of 3rd period - David Legwand wins face-off versus Joe Thornton in Nordiques zone.
13:17 of 3rd period - David Legwand is hit by Thomas Vanek.
13:43 of 3rd period - David Legwand is hit by Ryan Getzlaf.
15:01 of 3rd period - Penalty to Maxim Talbot is over, Maxim Talbot is back on ice.
15:29 of 3rd period - Slapshot by Brent Burns.
15:29 of 3rd period - Stopped by Jonathan Quick without a rebound.
15:30 of 3rd period - Maxim Talbot wins face-off versus T.J. Oshie in Nordiques zone.
16:01 of 3rd period - Off-side.
16:02 of 3rd period - David Legwand wins face-off versus Ryan Getzlaf in neutral zone.
17:37 of 3rd period - Joe Pavelski is hit by David Legwand and loses puck.
17:54 of 3rd period - Snap shot by Mike Fisher.
17:54 of 3rd period - Shot Misses the Net.
17:56 of 3rd period - Snap shot by Mike Fisher.
17:56 of 3rd period - Goal by Mike Fisher - Capitals : 2 - Nordiques : 6.
17:57 of 3rd period - David Legwand wins face-off versus Ryan Getzlaf in neutral zone.
18:01 of 3rd period - Brian McGrattan beats up Fedor Tyutin.
18:01 of 3rd period - Penalty to Fedor Tyutin for Fighting.
18:01 of 3rd period - Penalty to Brian McGrattan for Fighting.
18:02 of 3rd period - Ryan Getzlaf wins face-off versus David Legwand in Capitals zone.
18:07 of 3rd period - Wrist shot by Ryan Getzlaf.
18:07 of 3rd period - Stopped by Jonathan Quick without a rebound.
18:08 of 3rd period - David Legwand wins face-off versus Ryan Getzlaf in Nordiques zone.
18:08 of 3rd period - David Legwand is hit by PK Subban.
18:21 of 3rd period - Snap shot by Mikko Koivu.
18:21 of 3rd period - Shot Misses the Net.
18:23 of 3rd period - Snap shot by Jeff Skinner.
18:23 of 3rd period - Stopped by Jonathan Quick without a rebound.
18:24 of 3rd period - Tim Connolly wins face-off versus Patrick Sharp in Nordiques zone.
19:02 of 3rd period - Snap shot by Evander Kane.
19:02 of 3rd period - Stopped by Tuukka Rask without a rebound.
19:03 of 3rd period - Tim Connolly wins face-off versus Patrick Sharp in Capitals zone.
19:06 of 3rd period - Snap shot by R.J. Umberger.
19:06 of 3rd period - Shot Blocked by Thomas Vanek.
19:18 of 3rd period - Snap shot by Tim Connolly.
19:18 of 3rd period - Shot Misses the Net.
19:39 of 3rd period - Zac Rinaldo beats up Patrick Sharp.
19:39 of 3rd period - Penalty to Zac Rinaldo for Fighting.
19:39 of 3rd period - Penalty to Patrick Sharp for Fighting.
19:39 of 3rd period - Penalty to Zac Rinaldo for instigated a fight.
19:39 of 3rd period - Penalty to Zac Rinaldo for instigated a fight.
19:40 of 3rd period - Joe Thornton wins face-off versus David Legwand in Nordiques zone.
19:49 of 3rd period - Snap shot by Joe Pavelski.
19:49 of 3rd period - Goal by Joe Pavelski - Capitals : 3 - Nordiques : 6.
19:50 of 3rd period - Mikko Koivu wins face-off versus David Legwand in neutral zone.
19:53 of 3rd period - Ryan Ellis is hit by Mikko Koivu.
Goals for this period are 1 for Capitals vs 3 for Nordiques.
Shots for this period are 11 for Capitals vs 8 for Nordiques.
Back to the Top